cohdb
Replays
Latest Replays
All Replays
Popular Replays
Top Player Replays
Match Explorer
How It Works
Community
CoH3 Stats
Reddit
Sign in to upload your games and track your stats! →
Sign in with Steam
Match 42347526
Unlisted
Match 42347526
Overview
Messages
Build Orders
End
Construct Barracks
Riflemen Squad
Riflemen Squad
1⁄4-ton 4x4 Truck
Infantry Support Center
Construct Medical Station
Riflemen Squad
Construct Weapon Support Center
Selects Heavy Weapons
Selects M2HB .50cal Heavy Machine Gun
M3 Armored Personnel Carrier
Grenade Package
M1918 Browning Automatic Rifles
Engineer Squad
Selects Rapid Reposition
M1 Mortar Team
Bazooka Squad
Selects Bolstered Team Weapons
Selects Assault Carriers
Engineer Squad
Construct Tank Depot
Selects Halftrack Strongpoints
M4(105) Sherman Bulldozer
Riflemen Squad
Selects M26 Pershing Heavy Tank
M26 Pershing Heavy Tank
Foreskin
__Alien____
Blysk
Banillo
0
0
Comments
sign in to comment!
No comments posted yet!